 Dungeon Crawl Stone Soup version 0.17-a0-1637-g5d65775 (webtiles) character file.

39 LilCorpsy the Grave Robber (level 3, -5/19 HPs)
             Began as a Deep Elf Necromancer on Aug 7, 2015.
             Slain by a gnoll
             ... wielding a cursed +0 halberd
              (9 damage)
             ... on level 2 of the Dungeon.
             The game lasted 00:05:05 (1594 turns).

LilCorpsy the Grave Robber (Deep Elf Necromancer)   Turns: 1594, Time: 00:05:06

Health: -5/19      AC:  3    Str:  5    XL:     3   Next: 28%
Magic:  1/9        EV: 13    Int: 20    God:
Gold:   50         SH:  0    Dex: 15    Spells: 2 memorised, 6 levels left

rFire  . . .     SeeInvis .     (no weapon)
rCold  . . .     Clarity  .     a - +0 robe
rNeg   . . .     SustAt   .     (no shield)
rPois  .         Gourm    .     (no helmet)
rElec  .         Spirit   .     (no cloak)
rCorr  .         Warding  .     (no gloves)
rMut   .         Stasis   .     g - +0 pair of boots (curse)
MR     .....                    (no amulet)
Stlth  ++........               (no ring)
                                (no ring)

@: not resistant to hostile enchantments, unstealthy
A: no striking features
a: no special abilities


You were on level 2 of the Dungeon.
You were not hungry.

You visited 1 branch of the dungeon, and saw 2 of its levels.

You collected 50 gold pieces.

Inventory:

Armour
 a - a +0 robe (worn)
 g - a cursed +0 pair of boots (worn)
Potions
 e - a potion of agility {unknown}
 h - a potion of curing {unknown}
Books
 b - a book of Necromancy

   Spells                             Type                      Level
   a - Pain                           Necromancy                   1
   b - Animate Skeleton               Necromancy                   1
   c - Vampiric Draining              Necromancy                   3
   d - Regeneration                   Charms/Necromancy            3
   e - Animate Dead                   Necromancy                   4
   f - Control Undead                 Necromancy                   4
Comestibles
 c - a bread ration
 d - a beef jerky
 f - a chunk of flesh


   Skills:
 + Level 0.1 Fighting
 + Level 2.8 Dodging
 - Level 2.4 Stealth
 + Level 0.1 Unarmed Combat
 + Level 3.3 Spellcasting
 * Level 5.8 Necromancy


You had 6 spell levels left.
You knew the following spells:

 Your Spells              Type           Power        Failure   Level  Hunger
a - Pain                  Necr           ####         1%          1    None
b - Animate Skeleton      Necr           N/A          1%          1    None


Dungeon Overview and Level Annotations

Branches:
Dungeon (2/15)

Altars:
Ru


Message History

Casting: Pain
Confirm with . or Enter, or press ? or * to list all spells.
Aiming: Pain
Press: ? - help, Shift-Dir - straight line, f/p - gnoll
Aim: a gnoll, wielding a club (severely wounded, chance to defeat MR: 89%)
The gnoll convulses in agony!
You kill the gnoll!
The kobold hits your hobgoblin skeleton but does no damage.
Your hobgoblin skeleton hits the kobold but does no damage.
The gnoll barely misses you.
Casting: Pain
Confirm with . or Enter, or press ? or * to list all spells.
Aiming: Pain
Press: ? - help, Shift-Dir - straight line, f - gnoll
Aim: a gnoll, wielding a halberd (lightly wounded, chance to defeat MR: 89%)
The gnoll convulses in agony!
The kobold barely misses your hobgoblin skeleton.
Your hobgoblin skeleton closely misses the kobold.
The gnoll hits you from afar with a halberd!
You die...

#### ##(.##.....##Z.#
#####..###...####.####..#
#........Z.#............#
#..........##.....####Z.#
#..........###.#### #.##
...........# #.# ##.#
...........# #.######..#
.....#..######........##
....#_#.........@....##
.....#...#####.)Z....#
........## ##gK..####
###...### #.)#### #..##
#..# .... #...# # #..##
#)..# #.# #...# ....#


You could see a gnoll, a kobold and a friendly hobgoblin skeleton.

Vanquished Creatures
  2 gnolls (D:2)
  2 giant geckos (D:1)
  2 giant cockroaches (D:1)
  3 goblins
  3 hobgoblins
  6 bats (D:1)
  3 kobolds (D:1)
  2 rats (D:1)
23 creatures vanquished.

Notes
Turn   | Place    | Note
--------------------------------------------------------------
     0 | D:1      | LilCorpsy the Deep Elf Necromancer began the quest for the Orb.
     0 | D:1      | Reached XP level 1. HP: 10/10 MP: 6/6
    28 | D:1      | Reached skill level 5 in Necromancy
   450 | D:1      | Learned a level 1 spell: Animate Skeleton
   502 | D:1      | Reached XP level 2. HP: 9/15 MP: 4/8
  1482 | D:2      | Found a faded altar to an unknown god.
  1546 | D:2      | Found a sacrificial altar of Ru.
  1584 | D:2      | Reached XP level 3. HP: 17/19 MP: 6/9
  1594 | D:2      | Slain by a gnoll

Vault maps used:
D:1:      co_arrival_random_square_maze
D:2:      old_standard_altar, ecumenical_altar_1

Action                   || total
-------------------------++-------
Melee: Unarmed           ||    12
 Cast: Pain              ||    38
       Animate Skeleton  ||     3
  Eat: Meat ration       ||     1
